 Dungeon Crawl Stone Soup version 0.27-a0-328-g7f782ed93a (webtiles) character file.

Game seed: 1919831426106949396

802383 Murumi the Formicid Blade (level 27, -20/229 HPs)
             Began as a Formicid Fighter on Feb 6, 2021.
             Was the Champion of Okawaru.
             Killed from afar by a hellion (22 damage)
             ... with damnation
             ... summoned by Asmodeus
             ... on level 7 of Gehenna on Feb 11, 2021.
             The game lasted 08:00:04 (111331 turns).

Murumi the Formicid Blade (Formicid Fighter)      Turns: 111331, Time: 08:00:04

Health: -20/229    AC: 41    Str: 26 (27) XL:     27
Magic:  36/40      EV: 15    Int: 20      God:    Okawaru [******]
Gold:   6010       SH: 21    Dex: 14      Spells: 26/26 levels left

rFire    + + +     SeeInvis +   a - +3 triple sword "Iruthedu" {speed, Int+3}
rCold    + . .     Faith    +   V - +2 kite shield {reflect}
rNeg     + + +     Spirit   .   u - +9 gold dragon scales
rPois    +         Reflect  +   (helmet unavailable)
rElec    .         Harm     .   Z - scarf {repulsion}
rCorr    .         Rampage  .   c - +2 pair of gloves {Str+3}
Will     ++...                  H - +0 pair of boots of Marbles {rPois rN++ Int-3}
Stlth    ..........             j - amulet of faith
HPRegen  0.48/turn              s - ring "Belaush" {rF++ rN+ Dex+2}
MPRegen  0.27/turn              R - ring of the Kraken {MP+9 Dex+2 Slay+5 SInv}

@: heroism, finesse, studying 4 skills, repel missiles
A: permanent stasis, dig shafts and tunnels, four strong arms, antennae 3,
clever 1, deterioration 1, low mp 1, sense surroundings 1
}: 4/15 runes: serpentine, barnacled, slimy, silver
a: Dig, Shaft Self, Renounce Religion, Heroism, Finesse


You were on level 7 of Gehenna.
You worshipped Okawaru.
Okawaru was exalted by your worship.
You visited 13 branches of the dungeon, and saw 61 of its levels.
You visited the Abyss 1 time.
You visited 1 bazaar.
You also visited: Ossuary, Bailey and Wizlab.

You collected 8618 gold pieces.
You spent 2608 gold pieces at shops.

Inventory:

Hand Weapons
 a - the +3 triple sword "Iruthedu" (weapon) {speed, Int+3}
   (Okawaru gifted it to you on level 4 of the Vaults)

   Attacks with this weapon are significantly faster.
   It affects your intelligence (+3).
 b - a +5 demon whip
 f - a +6 triple crossbow of holy wrath
Missiles
 m - 1770 bolts
Armour
 c - a +2 pair of gloves of strength (worn)
 u - +9 gold dragon scales (worn)
 H - the +0 pair of boots of Marbles (worn) {rPois rN++ Int-3}
   (Okawaru gifted it to you on level 3 of the Lair of Beasts)

   It affects your intelligence (-3).
   It protects you from poison.
   It greatly protects you from negative energy.
 V - a +2 kite shield of reflection (worn)
 Z - a scarf of repulsion (worn)
Jewellery
 e - the amulet "Pobleargh" {Spirit Will+++ Str+5 Int+3}
   (You acquired it on level 3 of the Depths)

   [amulet of guardian spirit]

   It causes incoming damage to be split between your health and magic.
   It affects your strength (+5).
   It affects your intelligence (+3).
   It affects your willpower, your defense against some magical effects.
 j - an amulet of faith (around neck)
 o - a ring of resist corrosion
 q - the amulet "Kiokk" {Reflect *Slow rElec rC- Will+ Str+6 SH+5}
   (You found it on level 1 of the Elven Halls)

   [amulet of reflection]

   It shields you and reflects attacks.
   It affects your strength (+6).
   It makes you vulnerable to cold.
   It insulates you from electricity.
   It affects your willpower, your defense against some magical effects.
   It may slow you when you take damage.
   It affects your SH (+5).
 s - the ring "Belaush" (left hand) {rF++ rN+ Dex+2}
   (You found it on level 5 of the Vaults)

   [ring of positive energy]

   It affects your dexterity (+2).
   It greatly protects you from fire.
   It protects you from negative energy.
 v - the ring "Qadgh" {+Fly rElec rPois Dex-3}
   (You found it on level 2 of the Depths)

   [ring of flight]

   It affects your dexterity (-3).
   It insulates you from electricity.
   It protects you from poison.
   It lets you fly.
 y - the ring of Leizella {*Slow rElec rPois rC+ Dex+7}
   (You found it on level 3 of the Depths)

   [ring of protection from cold]

   It affects your dexterity (+7).
   It protects you from cold.
   It insulates you from electricity.
   It protects you from poison.
   It may slow you when you take damage.
 D - the ring "Hoahu" {Will+ Str+6}
   (You found it on level 3 of the Crypt)

   [ring of strength]

   It affects your strength (+6).
   It affects your willpower, your defense against some magical effects.
 I - the necklace of Bloodlust {*Rage +Rage Will++ Int-3 Slay+6}
   (You found it on level 3 of the Elven Halls)

   [amulet of nothing]

   It affects your intelligence (-3).
   It affects your accuracy and damage with ranged weapons and melee attacks
   (+6).
   It affects your willpower, your defense against some magical effects.
   It lets you go berserk.
   It may make you go berserk in combat.
 M - the ring "Putoall" {rF+ Str+4 Dex+6}
   (You found it on level 1 of the Depths)

   [ring of dexterity]

   It affects your strength (+4).
   It affects your dexterity (+6).
   It protects you from fire.
 R - the ring of the Kraken (right hand) {MP+9 Dex+2 Slay+5 SInv}
   (You found it on level 6 of the Lair of Beasts)

   [ring of magical power]

   It affects your dexterity (+2).
   It affects your accuracy and damage with ranged weapons and melee attacks
   (+5).
   It affects your magic capacity (+9).
   It lets you see invisible.
 S - the ring "Jekolora" {+Inv rElec rN+ Will+ Str+3}
   (You took it off a spriggan berserker on level 3 of the Depths)

   [ring of willpower]

   It affects your strength (+3).
   It insulates you from electricity.
   It protects you from negative energy.
   It affects your willpower, your defense against some magical effects.
   It lets you turn invisible.
Wands
 w - a wand of paralysis (24)
 z - a wand of acid (44)
 A - a wand of iceblast (30)
 C - a wand of polymorph (31)
 L - a wand of flame (105)
 N - a wand of charming (50)
 P - a wand of mindburst (42)
Scrolls
 h - 22 scrolls of removedness
 k - 5 scrolls of fog
 n - 18 scrolls of magic mapping
 t - 12 scrolls of fear
 B - 13 scrolls of amnesia
 K - 2 scrolls of holy word
 O - 7 scrolls of identify
 X - a scroll of summoning
Potions
 d - 5 potions of might
 g - 8 potions of heal wounds
 i - 15 potions of brilliance
 p - 5 potions of resistance
 r - 18 potions of mutation
 E - 19 potions of curing
 F - 2 potions of cancellation
 G - 5 potions of magic
 Q - 3 potions of attraction
Miscellaneous
 l - a tin of tremorstones (2/2)
 x - a lightning rod (4/4)
 J - a condenser vane
 T - a box of beasts
 U - a phantom mirror
 W - the horn of Geryon


   Skills:
 + Level 21.4(26.4) Fighting
 - Level 26.9(27) Long Blades
 - Level 26.9(27) Crossbows
 - Level 21.0(26.0) Armour
 - Level 11.0(16.0) Dodging
 - Level 24.0(27) Shields
 - Level 16.0 Invocations
 - Level 14.0 Evocations


You had 26 spell levels left.
You didn't know any spells.
Your spell library contained the following spells:

 Spells                   Type           Power        Failure   Level
 Animate Skeleton         Necr           0%           80%         1
 Apportation              Tloc           0%           80%         1
 Beastly Appendage        Tmut           0%           80%         1
 Corona                   Hex            0%           80%         1
 Foxfire                  Conj/Fire      0%           80%         1
 Freeze                   Ice            0%           80%         1
 Magic Dart               Conj           0%           80%         1
 Pain                     Necr           0%           80%         1
 Sandblast                Erth           0%           80%         1
 Shock                    Conj/Air       0%           80%         1
 Sting                    Tmut/Pois      0%           80%         1
 Summon Small Mammal      Summ           0%           80%         1
 Call Imp                 Summ           0%           91%         2
 Corpse Rot               Necr/Air       N/A          91%         2
 Ensorcelled Hibernation  Hex/Ice        0%           91%         2
 Passwall                 Tmut/Erth      0%           91%         2
 Poisonous Vapours        Pois/Air       0%           91%         2
 Searing Ray              Conj           0%           91%         2
 Slow                     Hex            0%           91%         2
 Sublimation of Blood     Necr           0%           91%         2
 Wereblood                Tmut           0%           91%         2
 Call Canine Familiar     Summ           0%           99%         3
 Confusing Touch          Hex            0%           99%         3
 Conjure Flame            Conj/Fire      0%           99%         3
 Dazzling Flash           Conj/Hex       0%           99%         3
 Frozen Ramparts          Ice            0%           99%         3
 Gell's Gravitas          Tloc           0%           99%         3
 Ignite Poison            Fire/Tmut/Pois 0%           99%         3
 Inner Flame              Hex/Fire       0%           99%         3
 Lesser Beckoning         Tloc           0%           99%         3
 Mephitic Cloud           Conj/Pois/Air  0%           99%         3
 Ozocubu's Armour         Ice            0%           99%         3
 Portal Projectile        Hex/Tloc       0%           99%         3
 Spider Form              Tmut/Pois      0%           99%         3
 Static Discharge         Conj/Air       0%           99%         3
 Stone Arrow              Conj/Erth      0%           99%         3
 Summon Guardian Golem    Hex/Summ       0%           99%         3
 Teleport Other           Tloc           0%           99%         3
 Tukima's Dance           Hex            0%           99%         3
 Vampiric Draining        Necr           0%           99%         3
 Airstrike                Air            0%           100%        4
 Animate Armour           Summ/Erth      0%           100%        4
 Animate Dead             Necr           0%           100%        4
 Cause Fear               Hex            0%           100%        4
 Dispel Undead            Necr           0%           100%        4
 Fulminant Prism          Conj/Hex       0%           100%        4
 Hailstorm                Conj/Ice       0%           100%        4
 Ice Form                 Ice/Tmut       0%           100%        4
 Leda's Liquefaction      Hex/Erth       0%           100%        4
 Olgreb's Toxic Radiance  Pois           0%           100%        4
 Passage of Golubria      Tloc           N/A          100%        4
 Petrify                  Tmut/Erth      0%           100%        4
 Sticky Flame             Conj/Fire      0%           100%        4
 Summon Ice Beast         Ice/Summ       0%           100%        4
 Summon Lightning Spire   Summ/Air       0%           100%        4
 Agony                    Necr           0%           100%        5
 Blade Hands              Tmut           0%           100%        5
 Bolt of Magma            Conj/Fire/Erth 0%           100%        5
 Borgnjor's Vile Clutch   Necr/Erth      0%           100%        5
 Excruciating Wounds      Necr           0%           100%        5
 Fireball                 Conj/Fire      0%           100%        5
 Iskenderun's Battlesphe  Conj           0%           100%        5
 Lee's Rapid Deconstruct  Erth           0%           100%        5
 Lightning Bolt           Conj/Air       0%           100%        5
 Metabolic Englaciation   Hex/Ice        0%           100%        5
 Silence                  Hex/Air        0%           100%        5
 Summon Forest            Summ/Tloc      0%           100%        5
 Summon Mana Viper        Hex/Summ       0%           100%        5
 Yara's Violent Unravell  Hex/Tmut       0%           100%        5
 Conjure Ball Lightning   Conj/Air       0%           100%        6
 Death Channel            Necr           0%           100%        6
 Dispersal                Tloc           0%           100%        6
 Eringya's Noxious Bog    Tmut/Pois      0%           100%        6
 Freezing Cloud           Conj/Ice/Air   0%           100%        6
 Hydra Form               Tmut           0%           100%        6
 Invisibility             Hex            0%           100%        6
 Iron Shot                Conj/Erth      0%           100%        6
 Shadow Creatures         Summ           N/A          100%        6
 Simulacrum               Ice/Necr       0%           100%        6
 Starburst                Conj/Fire      0%           100%        6
 Statue Form              Tmut/Erth      0%           100%        6
 Dragon Form              Tmut           0%           100%        7
 Orb of Destruction       Conj           0%           100%        7
 Ozocubu's Refrigeration  Ice            0%           100%        7
 Spellforged Servitor     Conj/Summ      0%           100%        7
 Summon Hydra             Summ           0%           100%        7
 Borgnjor's Revivificati  Necr           0%           100%        8
 Disjunction              Tloc           0%           100%        8
 Ignition                 Fire           0%           100%        8
 Infestation              Necr           0%           100%        8
 Necromutation            Tmut/Necr      0%           100%        8
 Death's Door             Necr           0%           100%        9
 Dragon's Call            Summ           0%           100%        9
 Shatter                  Erth           0%           100%        9
 Tornado                  Air            0%           100%        9
 Blink                    Tloc           Unusable     N/A         2
 Swiftness                Air            Unusable     N/A         2

Dungeon Overview and Level Annotations

Branches:
Dungeon (15/15)            Temple (1/1) D:4            Lair (6/6) D:8
 Shoals (4/4) Lair:2        Snake (4/4) Lair:3        Slime (5/5) Lair:5
    Orc (2/2) D:10            Elf (3/3) Orc:2        Vaults (5/5) D:13
  Crypt (3/3) Vaults:3       Tomb (0/3) Crypt:3      Depths (5/5) D:15
   Hell (visited)             Dis (0/7) Hell            Geh (7/7) Hell
    Coc (0/7) Hell            Tar (0/7) Hell            Zot (0/5) Depths:5
Ossuary (visited)          Bailey (visited)          WizLab (visited)

Altars:
Ashenzari
Cheibriados
Dithmenos
Elyvilon
Fedhas
Gozag
Hepliaklqana
Kikubaaqudgha
Makhleb
Nemelex Xobeh
Okawaru
Qazlal
Ru
Sif Muna
Trog
Uskayaw
Vehumet
Wu Jian
Xom
Yredelemnul
Zin
The Shining One
Beogh
Jiyva
Lugonu

Shops:
D:14 (   Orc:2 ((=[   Elf:2 =   Depths:5 !(

Portals:
Hell: Depths:1 Depths:2 Depths:3 Depths:4 Depths:5
Abyss: Depths:1 Depths:3 Depths:4
Pandemonium: Depths:3 Depths:4
Ziggurat: Depths:1
Trove: Elf:1 (give +6 demon whip)

Annotations:
Geh:7 Asmodeus


Innate Abilities, Weirdness & Mutations

You cannot be hasted, slowed, berserked, paralysed or teleported.
You can dig through walls and to a lower floor.
Your four strong arms can wield two-handed weapons with a shield.
You have a pair of large antennae on your head. (SInv)
Your mind is acute. (Int +2)
Your body sometimes deteriorates upon taking damage.
Your magical capacity is low. (-10% MP)
You passively map a small area around you.


Message History

Your body deteriorates!
You feel weakened.
The damnation engulfs Asmodeus.
Asmodeus completely resists.
Asmodeus shouts, "Admit defeat, thou horrid swag-bellied pissant!"
You cut Asmodeus into ribbons!!!
Asmodeus is severely wounded.
You are engulfed in blazing flames.
You resist.
You slash Asmodeus!
Asmodeus is severely wounded.
You are engulfed in blazing flames.
You resist.
You hit Asmodeus but do no damage.
Asmodeus is severely wounded.
You are engulfed in blazing flames.
You resist.
* * * LOW HITPOINT WARNING * * *
You hit Asmodeus but do no damage.
Asmodeus is severely wounded.
You are engulfed in blazing flames.
You resist. Asmodeus barely misses you.
You riposte.
You hit Asmodeus.
Asmodeus is severely wounded.
You slash Asmodeus!
Asmodeus is severely wounded.
You are engulfed in blazing flames.
You resist.
You hit Asmodeus but do no damage.
Asmodeus is severely wounded.
You are engulfed in blazing flames.
You resist.
You slice Asmodeus!!
Asmodeus is severely wounded.
You are engulfed in blazing flames.
You resist.
You hit Asmodeus but do no damage.
Asmodeus is severely wounded.
You are engulfed in blazing flames.
You resist.
You barely miss Asmodeus.
Asmodeus is severely wounded.
You are engulfed in blazing flames.
You resist. Asmodeus gestures at you.
The sphere of damnation explodes!
The damnation engulfs you!!!
* * * LOW HITPOINT WARNING * * *
The damnation engulfs Asmodeus.
Asmodeus completely resists.
The hellion gestures at you.
The sphere of damnation explodes!
The damnation engulfs you!!
You die...

...#≈§§≈ ..# #.○ ≈
...#≈≈≈§ { * (.#○° ≈ ≈
...#≈≈≈≈≈≈ .(.°☼ *
'###≈§≈§ * #..&# ≈ ..#≈
§§≈ * #..°# ≈ ≈≈ ..# ≈§ ≈
#...# ..# #2☼.# ≈ ..# {{ ≈
##&## ≈ ≈ ..###{{≈ ##§○@##
*{ ....#≈≈≈≈≈ ##.....##
≈≈#
....#≈≈≈≈≈##..#.#..##≈≈#
##..#§§§§≈##.......##≈≈#≈≈
##..#§≈≈§≈##....)..##≈§#
....#≈≈≈≈≈##..#.#..##≈≈#
....#≈≈≈≈§###..)..## ≈≈#
##### ≈§≈≈≈###...###○§≈#≈
≈ ≈≈≈≈ ≈≈≈§§###'###§≈≈≈# ≈


You could see Asmodeus (wandering, clouds) and a hellion (summoned).

Vanquished Creatures
  the Royal Jelly (Slime:5)
  2 dread liches (Crypt:3)
  An ancient lich (Vaults:5)
  5 juggernauts
  Frederick (Vaults:4)
  Bai Suzhen (Elf:3)
  Margery (Depths:5)
  Saint Roka (Vaults:2)
  10 golden dragons
  Geryon (Hell)
  3 caustic shrikes (Depths:5)
  Xtahua (Vaults:3)
  Jory (Vaults:3)
  5 bone dragons
  75 Brimstone Fiends
  A moon troll (WizLab)
  5 tentacled monstrosities
  11 liches
  2 quicksilver dragons
  16 titans
  The ghost of Supaplex the Fighter, an adept DsFi of Okawaru (Elf:3)
  6 deep elf blademasters
  14 acid blobs
  9 tentacled starspawn
  8 deep elf master archers
  8 ancient champions
  12 sphinxes
  Roxanne (Elf:1)
  4 shadow dragons
  7 storm dragons
  10 tengu reavers
  Ilsuiw (Shoals:2)
  10 nagarajas
  8 deep elf sorcerers
  26 fire giants
  5 revenants
  12 azure jellies (Slime:5)
  Donald (Elf:2)
  2 draconian scorchers (Geh:2)
  A draconian knight (Depths:5)
  2 iron dragons
  2 cacodemons (WizLab)
  25 frost giants
  A curse skull (Crypt:1)
  A draconian stormcaller (Depths:5)
  22 balrugs
  6 ghouls
  15 vault wardens
  10 deep elf elementalists
  An angel (Depths:1)
  2 spriggan defenders (Depths:4)
  16 reapers
  17 ironheart preservers
  6 vampire knights
  4 war gargoyles
  21 stone giants
  30 very ugly things
  6 green draconians
  6 deep elf demonologists
  2 white draconians (Crypt:3)
  2 entropy weavers
  2 purple draconians (Depths:5)
  2 yellow draconians
  A black draconian (Crypt:3)
  4 red draconians
  13 deep elf annihilators
  4 spark wasps
  2 eidola
  11 merfolk impalers
  14 ettins
  2 quicksilver dragon zombies
  A crystal guardian (WizLab)
  An ettin (shapeshifter) (Vaults:5)
  9 deep elf death magi
  6 deep elf high priests
  5 merfolk javelineers (Shoals:4)
  4 death oozes (Slime:5)
  5 jiangshi
  The ghost of Borooracs the Protected, a journeyman DDFi (Lair:3)
  Harold (D:7)
  10 hydras
  16 fire dragons
  11 rakshasas
  6 quicksilver dragon skeletons
  5 boulder beetles
  35 vault guards
  17 naga warriors
  14 great orbs of eyes
  4 merfolk avatars
  11 ice dragons
  13 yaktaur captains
  An alligator snapping turtle (Shoals:4)
  Erica (D:10)
  2 catoblepae (Shoals:2)
  A caustic shrike simulacrum (Depths:2)
  17 ogre magi
  54 two-headed ogres
  4 spriggan air magi
  12 anacondas
  16 centaur warriors
  5 merfolk aquamancers
  25 dancing weapons
  9 deep troll shamans
  7 death knights
  5 tengu warriors
  The ghost of anet the Covert, a novice GnDe of Ashenzari (Lair:1)
  5 vampire magi
  A death yak (Lair:2)
  10 deep troll earth magi
  51 hell hogs
  2 thrashing horrors (Abyss:3)
  5 orc high priests
  Nergalle (D:10)
  6 shock serpents
  7 titan zombies
  13 naga sharpshooters
  70 hell knights
  2 iron golems
  A soul eater (Hell)
  6 spriggan berserkers
  4 spriggans
  5 wretched stars
  31 sun demons
  2 storm dragon zombies
  2 salamander mystics
  A spark wasp zombie (Depths:2)
  2 shadow wraiths
  51 skeletal warriors
  31 deep elf knights
  A fire crab (D:13)
  6 storm dragon skeletons
  8 titan skeletons
  24 sea snakes
  6 iron trolls
  2 ghost moth zombies (Geh:3)
  5 anaconda zombies
  4 golden dragon zombies
  9 golden dragon skeletons
  27 deep trolls
  3 unseen horrors
  2 bog bodies
  An orange crystal statue (WizLab)
  23 flayed ghosts
  27 deep elf archers
  4 shadow dragon zombies
  11 glowing orange brains
  20 ironbrand convokers
  7 wizards
  5 naga ritualists
  27 harpies
  A harpy (shapeshifter) (Vaults:5)
  Pikel (D:7)
  14 phantasmal warriors
  43 deep elf pyromancers
  The ghost of DungeonDestroyer the Poker, a novice DgFi (D:7)
  5 wolf spider zombies
  2 wolf spiders (shapeshifter)
  5 fauns
  An eleionoma zombie (Crypt:2)
  7 shadow dragon skeletons
  29 necromancers
  6 iron dragon zombies
  10 orc knights
  8 stone giant zombies
  7 anaconda skeletons
  38 deep elf zephyrmancers
  104 slime creatures
  3 wolf spiders
  10 cyclopes
  7 fire giant zombies
  55 ugly things
  7 mana vipers
  11 frost giant zombies
  A moth of wrath (shapeshifter) (Depths:1)
  A sphinx skeleton (Crypt:2)
  13 elephants
  23 manticores
  A goliath frog skeleton (Crypt:3)
  5 orc sorcerers
  A worldbinder (Abyss:3)
  Joseph (D:9)
  A tengu skeleton (Vaults:3)
  5 salamanders
  A cyclops (shapeshifter) (Vaults:1)
  8 fire giant skeletons
  12 frost giant skeletons
  5 centaur zombies
  2 guardian serpents (Snake:3)
  10 rust devils
  7 merfolk sirens
  4 stone giant skeletons
  5 shining eyes
  3 dire elephant zombies
  27 naga magi
  7 iron dragon skeletons
  5 molten gargoyles
  17 vault sentinels
  7 eyes of devastation
  2 torpor snails (shapeshifter)
  An ice statue (Hell)
  3 shock serpent zombies
  A cane toad (shapeshifter) (Depths:1)
  5 water nymphs
  25 black mambas
  A storm dragon simulacrum (Vaults:3)
  A gargoyle (D:12)
  2 water nymphs (shapeshifter) (Vaults:5)
  5 dire elephant skeletons
  2 torpor snails
  14 smoke demons
  2 shock serpent skeletons
  30 hellions
  3 orange demons
  3 emperor scorpion zombies
  2 purple draconian zombies
  2 catoblepas zombies
  17 cane toads
  18 efreet
  15 rime drakes
  2 catoblepas skeletons
  51 yaktaurs
  3 tengu conjurers
  A death yak zombie (Crypt:1)
  An anaconda simulacrum (Hell)
  12 tormentors
  A komodo dragon (shapeshifter) (Vaults:1)
  An ice devil (Hell)
  16 komodo dragons
  5 guardian mummies (Crypt:3)
  A minotaur skeleton (Geh:2)
  3 ancient zymes (Abyss:3)
  7 trolls
  27 merfolk
  A meliai (Abyss:3)
  42 red devils
  9 freezing wraiths
  11 hydra zombies
  9 wind drakes
  2 polar bears (shapeshifter)
  2 trolls (shapeshifter)
  6 polar bears
  12 hornets
  6 ettin zombies
  7 harpy skeletons
  4 large abominations (Abyss:3)
  5 hydra skeletons
  9 dream sheep
  A blink frog (shapeshifter) (Vaults:5)
  2 stone giant simulacra (Vaults:1)
  A dream sheep (shapeshifter) (Vaults:5)
  4 ice dragon zombies
  4 snapping turtles
  2 fire dragon zombies
  97 flying skulls
  A meliai zombie (D:12)
  A black mamba zombie (Crypt:3)
  4 fire dragon skeletons
  A redback (Vaults:5)
  20 starcursed masses
  5 alligator zombies
  Sigmund (D:6)
  4 ice dragon skeletons
  An alligator skeleton (Crypt:3)
  A redback (shapeshifter) (Vaults:5)
  3 vampires
  2 air elementals
  A guardian serpent skeleton (Crypt:1)
  16 water elementals
  18 shadows
  39 wraiths
  7 wyverns
  8 ettin skeletons
  48 yaks
  2 ynoxinuls (Abyss:3)
  2 small abominations (Abyss:3)
  4 fire bats (Geh:2)
  2 basilisks
  55 fire elementals
  A hog (shapeshifter) (Depths:4)
  3 black mamba skeletons
  A golden eye (shapeshifter) (Depths:3)
  11 golden eyes
  5 vampire mosquitoes
  A merfolk zombie (Geh:6)
  2 spriggan simulacra (Depths:1)
  Menkaure (D:6)
  3 cane toad zombies
  4 neqoxecs
  A soldier ant (D:9)
  A swamp worm (shapeshifter) (Depths:3)
  46 nagas
  4 acid dragons
  A hydra simulacrum (Hell)
  A faun zombie (Crypt:1)
  2 wargs
  Edmund (D:4)
  80 hell hounds
  A gelid demonspawn skeleton (Geh:4)
  17 water moccasins
  A merfolk skeleton (Geh:5)
  A floating eye (shapeshifter) (Vaults:3)
  53 orc warriors
  3 cane toad skeletons
  A floating eye (Depths:1)
  A sky beast (D:7)
  14 necrophages
  3 manticore zombies
  A black bear (D:9)
  3 ice beasts
  41 ogres
  A manticore skeleton (Geh:6)
  12 boggarts
  5 snapping turtle zombies
  21 wolves
  7 eyes of draining
  4 snapping turtle skeletons
  14 centaurs
  2 swamp dragon skeletons
  A lemure (D:7)
  7 phantoms
  2 hog skeletons (Crypt:3)
  A kobold brigand (D:9)
  11 bullfrogs
  4 earth elementals
  A gnoll sergeant (D:8)
  A salamander skeleton (Crypt:2)
  A glowing shapeshifter simulacrum (Vaults:3)
  A water moccasin zombie (Crypt:3)
  2 elf skeletons
  A scorpion (D:4)
  A yaktaur skeleton (Crypt:3)
  A spriggan zombie (Geh:5)
  A queen bee zombie (Crypt:1)
  2 water moccasin skeletons
  2 troll zombies
  A killer bee (D:7)
  118 wights
  A troll skeleton (Crypt:3)
  10 electric eels
  A spriggan skeleton (Geh:6)
  5 howler monkeys
  6 crimson imps
  A human simulacrum (Vaults:1)
  2 quasits
  3 jellies
  4 hounds
  33 orc priests
  5 centaur skeletons
  4 iron imps
  A bullfrog skeleton (D:13)
  3 human skeletons
  7 human zombies (Crypt:3)
  3 iguanas
  34 orc wizards
  8 hell rats
  10 worker ants
  A deep dwarf zombie (Crypt:2)
  A dwarf skeleton (Crypt:2)
  2 naga skeletons (Geh:4)
  A hound skeleton (D:5)
  20 mummies
  Robin (D:3)
  13 gnolls
  13 adders
  2 shadow imps
  4 white imps
  3 ufetubi
  A lava snake zombie (Crypt:2)
  2 adder skeletons
  A worm (D:5)
  2 barachi zombies (Crypt:2)
  3 leopard geckos
  96 orcs
  3 bats
  6 giant cockroaches
  26 goblins
  11 hobgoblins
  7 jackals
  30 kobolds
  4 quokkas
  5 ball pythons
  A ball python zombie (Crypt:2)
  7 frilled lizards
  3 gnoll skeletons (Ossuary)
  2 goblin skeletons (Ossuary)
  4 kobold skeletons
  A leopard gecko skeleton (D:4)
  An orc skeleton (Crypt:3)
  An orc zombie (Geh:1)
  2 quokka skeletons
  8 rats
  11 rat skeletons (Ossuary)
  12 fire vortices (Geh:7)
  11 starspawn tentacles (WizLab)
3719 creatures vanquished.

Vanquished Creatures (others)
  A lich (Vaults:1)
  A fire giant (Crypt:2)
  A merfolk javelineer (Shoals:4)
  A satyr (Shoals:4)
  A vampire mage (Depths:4)
  A wizard (Vaults:4)
  A deep elf zephyrmancer (Elf:1)
  An ugly thing (D:13)
  A naga mage (Snake:2)
  A flying skull (Geh:3)
  A shadow (Geh:1)
  A golden eye (shapeshifter) (D:13)
  A small abomination (Abyss:3)
  An acid dragon (D:13)
  An ogre (Vaults:1)
  2 wights (Geh:2)
  A bush (Lair:6)
  3 demonic plants (WizLab)
  42 fungi
  A lurking horror (Abyss:3)
  169 plants
  9 starspawn tentacles (WizLab)
242 creatures vanquished.

Grand Total: 3961 creatures vanquished

Notes
Turn   | Place    | Note
-------+----------+-------------------------------------------
     0 | D:1      | Murumi the Formicid Fighter began the quest for the Orb.
     0 | D:1      | Reached XP level 1. HP: 18/18 MP: 1/1
   173 | D:1      | Reached XP level 2. HP: 24/24 MP: 2/2
   812 | D:1      | Reached XP level 3. HP: 30/30 MP: 3/3
  1571 | D:2      | Found a hazy altar of Hepliaklqana.
  1575 | D:2      | Found a glowing silver altar of Zin.
  1644 | D:2      | Reached XP level 4. HP: 27/37 MP: 4/4
  2236 | D:3      | Found an opulent altar of Gozag.
  2513 | D:3      | Noticed Robin
  2552 | D:3      | Reached skill level 1 in Dodging
  2569 | D:3      | Killed Robin
  2570 | D:3      | Reached XP level 5. HP: 40/42 MP: 5/5
  2964 | D:3      | Reached skill level 5 in Shields
  3637 | D:4      | Noticed a phantom
  3657 | D:4      | Killed a phantom
  3658 | D:4      | Reached XP level 6. HP: 23/48 MP: 6/6
  3843 | D:4      | Identified the Compendium of Supportive Cold
  3863 | D:4      | Found a staircase to the Ecumenical Temple.
  3937 | Temple   | Entered the Ecumenical Temple
  4001 | Temple   | Became a worshipper of Warmaster Okawaru
  4334 | D:4      | Noticed Edmund
  4357 | D:4      | Killed Edmund
  4358 | D:4      | Reached XP level 7. HP: 45/54 MP: 7/7
  4819 | D:5      | Entered Level 5 of the Dungeon
  4820 | D:5      | Found a sand-covered staircase.
  4827 | Ossuary  | Entered an ossuary
  4981 | Ossuary  | Reached * piety under Okawaru
  4982 | Ossuary  | Reached skill level 1 in Invocations
  5741 | D:5      | Reached skill level 5 in Long Blades
  5890 | D:5      | Reached XP level 8. HP: 60/60 MP: 9/9
  6990 | D:6      | Noticed Menkaure
  6999 | D:6      | Killed Menkaure
  7323 | D:6      | Noticed Sigmund
  7338 | D:6      | Killed Sigmund
  7578 | D:6      | Found a shimmering blue altar of Sif Muna.
  8093 | D:7      | Reached skill level 1 in Evocations
  8093 | D:7      | Reached XP level 9. HP: 65/65 MP: 10/10
  8507 | D:6      | Reached ** piety under Okawaru
  8577 | D:7      | Noticed Harold
  8596 | D:7      | Killed Harold
  8597 | D:7      | Reached skill level 5 in Fighting
  8597 | D:7      | Reached skill level 5 in Armour
  8797 | D:7      | Reached *** piety under Okawaru
  8931 | D:7      | Found a transporter.
  8957 | D:6      | Found a shadowy altar of Dithmenos.
  8967 | D:7      | Noticed Pikel
  9011 | D:7      | Killed Pikel
  9012 | D:7      | Reached XP level 10. HP: 70/76 MP: 12/12
  9071 | D:7      | Found a transporter.
  9077 | D:7      | Noticed DungeonDestroyer's ghost (novice DgFi)
  9322 | D:7      | Reached **** piety under Okawaru
  9555 | D:7      | Killed DungeonDestroyer's ghost
  9840 | D:8      | Reached skill level 10 in Long Blades
 10399 | D:8      | Found a staircase to the Lair.
 10574 | D:8      | Found a shimmering altar of Xom.
 11645 | D:9      | Found a flagged portal.
 11651 | Bailey   | Entered a bailey
 11869 | Bailey   | Reached XP level 11. HP: 84/84 MP: 11/14
 12134 | D:9      | Noticed Joseph
 12150 | D:9      | Killed Joseph
 12527 | D:9      | Found a shimmering blue altar of Sif Muna.
 12527 | D:9      | Found a hide-covered altar of Uskayaw.
 12580 | D:9      | Found an ancient bone altar of Kikubaaqudgha.
 12582 | D:9      | Found a blossoming altar of Fedhas.
 12584 | D:9      | Found a basalt altar of Yredelemnul.
 12918 | D:9      | Reached ***** piety under Okawaru
 13112 | D:10     | Entered Level 10 of the Dungeon
 13666 | D:10     | Noticed Nergalle
 13671 | D:10     | Noticed a spectral orc warlord
 13675 | D:10     | Killed Nergalle
 13676 | D:10     | Reached skill level 5 in Invocations
 13809 | D:10     | Found a staircase to the Orcish Mines.
 14023 | D:10     | Noticed Erica
 14034 | D:10     | Killed Erica
 14124 | D:10     | Found a white marble altar of Elyvilon.
 14367 | D:10     | Received a gift from Okawaru
 14784 | Lair:1   | Entered Level 1 of the Lair of Beasts
 15305 | Lair:1   | Found a runed translucent gate.
 15305 | Lair:1   | Found a runed translucent gate.
 15305 | Lair:1   | Found a runed translucent gate.
 15305 | Lair:1   | Noticed anet's ghost (novice GnDe)
 15705 | Lair:1   | Reached XP level 12. HP: 94/94 MP: 15/15
 16387 | Lair:1   | Killed anet's ghost
 16388 | Lair:1   | Reached skill level 10 in Shields
 16783 | Lair:2   | Noticed a seven-headed hydra
 16786 | Lair:2   | Noticed a death yak
 16803 | Lair:2   | Reached skill level 5 in Evocations
 16816 | Lair:2   | Killed a death yak
 16824 | Lair:2   | Killed a two-headed hydra
 16824 | Lair:2   | Received a gift from Okawaru
 16953 | Lair:2   | Noticed a five-headed hydra
 16963 | Lair:2   | Killed a one-headed hydra
 16963 | Lair:2   | Reached ****** piety under Okawaru
 17036 | Lair:2   | Found a radiant altar of Vehumet.
 17334 | Lair:2   | Found a staircase to the Shoals.
 17707 | Lair:3   | Received a gift from Okawaru
 17731 | Lair:3   | Identified the +0 pair of boots of Marbles {rPois rN++
                  | Int-3} (Okawaru gifted it to you on level 3 of the Lair of
                  | Beasts)
 17958 | Lair:3   | Reached skill level 10 in Fighting
 17958 | Lair:3   | Reached XP level 13. HP: 95/103 MP: 17/17
 18163 | Lair:3   | Noticed Borooracs's ghost (journeyman DDFi)
 18166 | Lair:3   | Found a runed translucent door.
 18284 | Lair:3   | Found a staircase to the Snake Pit.
 18812 | Lair:3   | Killed Borooracs's ghost
 18813 | Lair:3   | Reached skill level 10 in Armour
 20875 | Lair:5   | Received a gift from Okawaru
 21097 | Lair:5   | Noticed an eight-headed hydra
 21129 | Lair:5   | Killed a three-headed hydra
 21420 | Lair:5   | Found a staircase to the Slime Pits.
 21421 | Lair:5   | Found a viscous altar of Jiyva.
 21543 | Lair:5   | Received a gift from Okawaru
 21878 | Lair:5   | Reached XP level 14. HP: 104/110 MP: 19/19
 22249 | Lair:6   | Entered Level 6 of the Lair of Beasts
 22489 | Lair:6   | Reached skill level 15 in Long Blades
 22777 | Lair:6   | Received a gift from Okawaru
 24949 | Lair:6   | Reached skill level 5 in Dodging
 25215 | Lair:6   | Got a bound wooden ring
 25216 | Lair:6   | Identified the ring of the Kraken {MP+9 Dex+2 Slay+5 SInv}
                  | (You found it on level 6 of the Lair of Beasts)
 25529 | Lair:6   | Received a gift from Okawaru
 26038 | Orc:1    | Entered Level 1 of the Orcish Mines
 26102 | Orc:1    | Found a roughly hewn altar of Beogh.
 26265 | Orc:1    | Found a transporter.
 26361 | Orc:1    | Noticed a stone giant
 26363 | Orc:1    | Found a roughly hewn altar of Beogh.
 26363 | Orc:1    | Found a transporter.
 26411 | Orc:1    | Reached XP level 15. HP: 92/118 MP: 21/21
 26460 | Orc:1    | Killed a stone giant
 27030 | Orc:2    | Entered Level 2 of the Orcish Mines
 27151 | Orc:2    | Found a staircase to the Elven Halls.
 27163 | Orc:2    | Found a flickering gateway to a bazaar.
 27173 | Bazaar   | Entered a bazaar
 27173 | Bazaar   | Found Ura Dod's General Store.
 27173 | Bazaar   | Found Matesoc's General Store.
 27173 | Bazaar   | Found Ylyagudaiq's Distillery.
 27173 | Bazaar   | Found Nuycs's Weapon Shop.
 27173 | Bazaar   | Found Orhoqir's Jewellery Boutique.
 27192 | Bazaar   | Bought a manual of Fighting for 1104 gold pieces
 27192 | Bazaar   | Bought a scroll of enchant armour for 75 gold pieces
 27192 | Bazaar   | Bought a scroll of enchant armour for 75 gold pieces
 27196 | Bazaar   | Bought an uncursed amulet of reflection for 210 gold pieces
 27198 | Bazaar   | Bought 2 potions of heal wounds for 120 gold pieces
 27198 | Bazaar   | Bought a potion of heal wounds for 60 gold pieces
 27198 | Bazaar   | Bought a potion of heal wounds for 60 gold pieces
 27198 | Bazaar   | Bought a potion of mutation for 96 gold pieces
 27198 | Bazaar   | Bought a potion of heal wounds for 60 gold pieces
 27198 | Bazaar   | Bought a potion of curing for 36 gold pieces
 27198 | Bazaar   | Bought a potion of curing for 36 gold pieces
 27202 | Bazaar   | Bought a scroll of fear for 45 gold pieces
 27225 | Orc:2    | Received a gift from Okawaru
 28336 | Orc:2    | Found Donuf's Jewellery Boutique.
 28336 | Orc:2    | Found Xocsutehu's Weapon Shop.
 28337 | Orc:2    | Found Efeacvoa's Antique Weapon Shop.
 28341 | Orc:2    | Found Fietahat's Antique Armour Boutique.
 29040 | D:11     | Found a shimmering altar of Xom.
 30174 | D:12     | Found a roughly hewn altar of Beogh.
 31014 | D:13     | Reached skill level 15 in Fighting
 31221 | D:13     | Received a gift from Okawaru
 31982 | D:13     | Reached XP level 16. HP: 95/140 MP: 22/22
 32322 | D:13     | Found a gate to the Vaults.
 33313 | D:14     | Received a gift from Okawaru
 33584 | D:14     | Found Jeirch's Antique Weapon Shoppe.
 33595 | D:14     | Bought a runed hand crossbow for 175 gold pieces
 33773 | D:14     | Found a snail-covered altar of Cheibriados.
 34092 | D:15     | Entered Level 15 of the Dungeon
 35379 | D:15     | Reached skill level 1 in Crossbows
 35770 | D:15     | Found a staircase to the Depths.
 36064 | Snake:1  | Entered Level 1 of the Snake Pit
 36099 | Snake:1  | Reached skill level 5 in Crossbows
 36332 | Snake:1  | Received a gift from Okawaru
 36333 | Snake:1  | Identified the +4 great sword "Inyjemn" {freeze, +Rage
                  | rElec rC- Str+6} (Okawaru gifted it to you on level 1 of
                  | the Snake Pit)
 37163 | Snake:1  | Reached XP level 17. HP: 136/147 MP: 23/23
 37768 | Snake:1  | You fall into a shaft and drop 1 floor!
 37871 | Snake:2  | Received a gift from Okawaru
 39078 | Snake:2  | Reached skill level 10 in Crossbows
 40036 | Snake:2  | Received a gift from Okawaru
 40874 | Snake:3  | Received a gift from Okawaru
 41484 | Snake:4  | Entered Level 4 of the Snake Pit
 41549 | Snake:4  | Received a gift from Okawaru
 41758 | Snake:4  | Reached XP level 18. HP: 145/154 MP: 24/24
 41952 | Snake:4  | Received a gift from Okawaru
 42080 | Snake:4  | Received a gift from Okawaru
 42596 | Snake:4  | Received a gift from Okawaru
 42647 | Snake:4  | Received a gift from Okawaru
 43074 | Snake:4  | Got a serpentine rune of Zot
 43594 | Shoals:1 | Entered Level 1 of the Shoals
 43648 | Shoals:1 | Received a gift from Okawaru
 43797 | Shoals:1 | Received a gift from Okawaru
 44736 | Shoals:2 | Reached XP level 19. HP: 84/161 MP: 25/25
 45308 | Shoals:2 | Noticed Ilsuiw
 45325 | Shoals:2 | Killed Ilsuiw
 46144 | Shoals:2 | Received a gift from Okawaru
 46983 | Shoals:4 | Entered Level 4 of the Shoals
 47041 | Shoals:4 | Cast into level 3 of the Abyss (merfolk impaler)
 47080 | Abyss:3  | Gained mutation: You are dopey. (Int -2) [a neqoxec]
 47132 | Abyss:3  | Noticed a bone dragon
 47144 | Abyss:3  | Killed a bone dragon
 47223 | Abyss:3  | Received a gift from Okawaru
 47312 | Abyss:3  | Gained mutation: Your magical capacity is low. (-10% MP) [a
                  | neqoxec]
 47313 | Abyss:3  | Gained mutation: You are clumsy. (Dex -2) [a neqoxec]
 47337 | Abyss:3  | Lost mutation: You are dopey. (Int -2) [potion of mutation]
 47337 | Abyss:3  | Lost mutation: You are clumsy. (Dex -2) [potion of
                  | mutation]
 47337 | Abyss:3  | Gained mutation: You are clumsy. (Dex -2) [potion of
                  | mutation]
 47337 | Abyss:3  | Gained mutation: You are robust. (+10% HP) [potion of
                  | mutation]
 47444 | Abyss:3  | Reached skill level 15 in Crossbows
 47528 | Abyss:3  | Received a gift from Okawaru
 47547 | Shoals:4 | Escaped the Abyss
 48022 | Shoals:3 | Lost mutation: You are clumsy. (Dex -2) [potion of
                  | mutation]
 48022 | Shoals:3 | Lost mutation: You are robust. (+10% HP) [potion of
                  | mutation]
 48022 | Shoals:3 | Gained mutation: Your mind is acute. (Int +2) [potion of
                  | mutation]
 48022 | Shoals:3 | Gained mutation: You passively map a small area around you.
                  | [potion of mutation]
 48040 | Shoals:4 | Received a gift from Okawaru
 48154 | Shoals:4 | Upgraded the game from 0.27-a0-277-g024f7ef292 to
                  | 0.27-a0-295-ge1136d6ca4
 48677 | Shoals:4 | Received a gift from Okawaru
 49010 | Shoals:4 | Reached XP level 20. HP: 138/168 MP: 24/24
 49093 | Shoals:4 | Received a gift from Okawaru
 49094 | Shoals:4 | Identified the +5 great sword of Sudden Death {vamp, +Blink
                  | Str+3 Int-3} (Okawaru gifted it to you on level 4 of the
                  | Shoals)
 50225 | Shoals:4 | Got a barnacled rune of Zot
 50573 | Shoals:4 | Identified the +0 plate armour of Noughts and Crosses
                  | {rPois rC- Str+4} (You found it on level 4 of the Shoals)
 50877 | Vaults:1 | Entered Level 1 of the Vaults
 50900 | Vaults:1 | Received a gift from Okawaru
 51085 | Vaults:1 | Noticed a Hell Sentinel
 51119 | Vaults:1 | Received a gift from Okawaru
 51588 | Vaults:1 | Found a glowing golden altar of the Shining One.
 51636 | Vaults:1 | Received a gift from Okawaru
 52318 | Vaults:1 | Found a huge runed gate.
 52319 | Vaults:1 | Found a huge runed gate.
 52320 | Vaults:1 | Found a huge runed gate.
 52321 | Vaults:1 | Found a huge runed gate.
 52321 | Vaults:1 | Found a huge runed gate.
 52321 | Vaults:1 | Found a huge runed gate.
 52322 | Vaults:1 | Found a huge runed gate.
 52322 | Vaults:1 | Found a huge runed gate.
 52322 | Vaults:1 | Found a huge runed gate.
 52323 | Vaults:1 | Found a huge runed gate.
 52332 | Vaults:1 | Found a huge runed gate.
 52332 | Vaults:1 | Found a huge runed gate.
 52332 | Vaults:1 | Found a huge runed gate.
 52332 | Vaults:1 | Found a huge runed gate.
 52332 | Vaults:1 | Found a huge runed gate.
 52332 | Vaults:1 | Found a huge runed gate.
 52333 | Vaults:1 | Found a huge runed gate.
 52334 | Vaults:1 | Found a huge runed gate.
 52335 | Vaults:1 | Found a huge runed gate.
 52337 | Vaults:1 | Received a gift from Okawaru
 52373 | Vaults:1 | Identified the +6 great sword of the Dozen Lovers {elec,
                  | Will+} (Okawaru gifted it to you on level 1 of the Vaults)
 52571 | Vaults:1 | Found a huge runed gate.
 52682 | Vaults:1 | Found a huge runed gate.
 52684 | Vaults:1 | Found a huge runed gate.
 52697 | Vaults:1 | Found a huge runed gate.
 52697 | Vaults:1 | Found a huge runed gate.
 52697 | Vaults:1 | Found a huge runed gate.
 52697 | Vaults:1 | Found a huge runed gate.
 52697 | Vaults:1 | Found a huge runed gate.
 52697 | Vaults:1 | Found a huge runed gate.
 52698 | Vaults:1 | Found a huge runed gate.
 52699 | Vaults:1 | Found a huge runed gate.
 52746 | Vaults:1 | Reached skill level 15 in Shields
 52754 | Vaults:1 | Reached XP level 21. HP: 174/174 MP: 24/24
 53129 | Vaults:1 | Received a gift from Okawaru
 53138 | Vaults:1 | Reached skill level 10 in Invocations
 53405 | Vaults:2 | Received a gift from Okawaru
 55739 | Vaults:2 | Received a gift from Okawaru
 55885 | Vaults:2 | Received a gift from Okawaru
 56233 | Vaults:2 | Identified the +10 plate armour of Indemnity {rC+ rN+}
                  | (Okawaru gifted it to you on level 2 of the Vaults)
 56344 | Vaults:2 | Identified the cursed +1 chain mail of Defence {+Fly rPois
                  | Will+ Int+7}
 56778 | Vaults:2 | Reached XP level 22. HP: 181/181 MP: 26/26
 57044 | Vaults:2 | Noticed Saint Roka
 57057 | Vaults:2 | Killed Saint Roka
 57887 | Vaults:3 | Noticed Xtahua
 57898 | Vaults:3 | Killed Xtahua
 58229 | Vaults:3 | Found a staircase to the Crypt.
 58583 | Vaults:3 | Noticed Jory
 58591 | Vaults:3 | Killed Jory
 58745 | Vaults:3 | Received a gift from Okawaru
 59295 | Vaults:4 | Received a gift from Okawaru
 59454 | Vaults:4 | Found a radiant altar of Vehumet.
 60189 | Vaults:4 | Noticed Frederick
 60205 | Vaults:4 | Killed Frederick
 60205 | Vaults:4 | Received a gift from Okawaru
 60206 | Vaults:4 | Identified the +3 triple sword "Iruthedu" {speed, Int+3}
                  | (Okawaru gifted it to you on level 4 of the Vaults)
 60849 | Vaults:5 | Entered Level 5 of the Vaults
 60892 | Vaults:5 | Reached XP level 23. HP: 159/187 MP: 27/27
 60894 | Vaults:5 | Received a gift from Okawaru
 60915 | Vaults:5 | Noticed a golden dragon
 60923 | Vaults:5 | Received a gift from Okawaru
 60932 | Vaults:5 | Killed a golden dragon
 60936 | Vaults:5 | Received a gift from Okawaru
 60947 | Vaults:5 | Received a gift from Okawaru
 60950 | Vaults:5 | Noticed a golden dragon
 60961 | Vaults:5 | Noticed an ancient lich
 60969 | Vaults:5 | Received a gift from Okawaru
 60984 | Vaults:5 | Noticed a golden dragon
 60986 | Vaults:5 | Killed a golden dragon
 61326 | Vaults:4 | Reached skill level 15 in Armour
 61706 | Vaults:5 | Killed a golden dragon
 61711 | Vaults:5 | Received a gift from Okawaru
 61744 | Vaults:5 | Killed an ancient lich
 61747 | Vaults:5 | Received a gift from Okawaru
 61748 | Vaults:5 | Noticed a golden dragon
 61755 | Vaults:5 | Killed a golden dragon
 61756 | Vaults:5 | Reached skill level 10 in Evocations
 61787 | Vaults:5 | Reached XP level 24. HP: 44/195 MP: 28/28
 61924 | Vaults:5 | Identified the +6 war axe of the Protecting Wolf {speed,
                  | rPois}
 62354 | Vaults:5 | Got a wavering turquoise ring
 62355 | Vaults:5 | Identified the ring "Belaush" {rF++ rN+ Dex+2} (You found
                  | it on level 5 of the Vaults)
 62527 | Vaults:5 | Received a gift from Okawaru
 62969 | Vaults:5 | Got a silver rune of Zot
 62986 | Vaults:5 | Received a gift from Okawaru
 63509 | Vaults:5 | Got a slimy tin ring
 63510 | Vaults:5 | Identified the ring "Tutatz" {*Tele +Inv rElec Will- MP+9}
                  | (You found it on level 5 of the Vaults)
 63867 | Vaults:5 | Identified the amulet "Zeettati" {Spirit rPois Str+2}
 63962 | Vaults:5 | Noticed a golden dragon
 63974 | Vaults:5 | Killed a golden dragon
 64015 | Vaults:5 | Noticed a golden dragon
 64027 | Vaults:5 | Killed a golden dragon
 64334 | Vaults:5 | Identified Lizi's Grimoire of Heat and Damage Dealing
 64697 | Elf:1    | Entered Level 1 of the Elven Halls
 64941 | Elf:1    | Identified Roxanne's Volume of the Rocks
 64941 | Elf:1    | Noticed Roxanne
 64955 | Elf:1    | Killed Roxanne
 65653 | Elf:1    | Received a gift from Okawaru
 66123 | Elf:1    | Identified the amulet "Kiokk" {Reflect *Slow rElec rC-
                  | Will+ Str+6 SH+5} (You found it on level 1 of the Elven
                  | Halls)
 66256 | Elf:1    | Found a portal to a secret trove of treasure.
 66713 | Elf:2    | Noticed Donald
 66722 | Elf:2    | Killed Donald
 66863 | Elf:2    | Reached XP level 25. HP: 67/201 MP: 28/28
 66875 | Elf:2    | Received a gift from Okawaru
 67333 | Elf:2    | Found Qealicsi's Jewellery Shop.
 67448 | Elf:2    | Found a runed translucent gate.
 67448 | Elf:2    | Found a runed translucent gate.
 67448 | Elf:2    | Found a runed translucent gate.
 67957 | Elf:2    | Received a gift from Okawaru
 68684 | Elf:3    | Entered Level 3 of the Elven Halls
 68734 | Elf:3    | Noticed Bai Suzhen
 68746 | Elf:3    | Killed Bai Suzhen
 68818 | Elf:3    | Found a runed translucent gate.
 68820 | Elf:3    | Found a runed translucent gate.
 68820 | Elf:3    | Found a runed translucent gate.
 68822 | Elf:3    | Noticed Supaplex's ghost (adept DsFi)
 69384 | Elf:3    | Received a gift from Okawaru
 69955 | Elf:3    | Got a warped brass ring
 69956 | Elf:3    | Identified the ring of Tuohan {+Fly rPois rC- Stlth+} (You
                  | found it on level 3 of the Elven Halls)
 69966 | Elf:3    | Identified the Handbook of Attacks and the Frostbite
 70003 | Elf:3    | Found the +14 obsidian axe {vorpal, *Drain +Fly SInv}
 70004 | Elf:3    | Found the necklace of Bloodlust {*Rage +Rage Will++ Int-3
                  | Slay+6}
 70362 | Elf:3    | Killed Supaplex's ghost
 70646 | Depths:1 | Entered Level 1 of the Depths
 70709 | Depths:1 | Reached XP level 26. HP: 109/208 MP: 28/28
 71205 | Depths:1 | Identified the ring "Putoall" {rF+ Str+4 Dex+6} (You found
                  | it on level 1 of the Depths)
 71821 | Depths:1 | Received a gift from Okawaru
 72105 | Depths:1 | Found a gateway to a ziggurat.
 72367 | Depths:1 | Found a gateway to Hell.
 72639 | Depths:1 | Found a one-way gate to the infinite horrors of the Abyss.
 72818 | Depths:1 | Received a gift from Okawaru
 73451 | Depths:2 | Upgraded the game from 0.27-a0-295-ge1136d6ca4 to
                  | 0.27-a0-328-g7f782ed93a
 73520 | Depths:2 | Received a gift from Okawaru
 73692 | Depths:2 | Received a gift from Okawaru
 73694 | Depths:2 | Identified the +1 pair of gloves of Mongeucw {Int+3}
                  | (Okawaru gifted it to you on level 2 of the Depths)
 74038 | Depths:2 | Found a transporter.
 74183 | Depths:2 | Found a transporter.
 74192 | Depths:2 | Noticed a juggernaut
 74220 | Depths:2 | Killed a juggernaut
 74221 | Depths:2 | Reached XP level 27. HP: 204/214 MP: 28/28
 74291 | Depths:2 | Received a gift from Okawaru
 74334 | Depths:2 | Identified the +0 pair of gloves of Iduiq {Int+2} (Okawaru
                  | gifted it to you on level 2 of the Depths)
 74666 | Depths:2 | Identified the ring "Qadgh" {+Fly rElec rPois Dex-3} (You
                  | found it on level 2 of the Depths)
 74685 | Depths:2 | Identified the ring "Xolea" {Int+2 SInv} (You found it on
                  | level 2 of the Depths)
 74772 | Depths:3 | Found a one-way gate leading to the halls of Pandemonium.
 74824 | Depths:3 | Noticed a juggernaut
 74834 | Depths:3 | Killed a juggernaut
 75206 | Depths:3 | Noticed a juggernaut
 75206 | Depths:3 | Identified the ring "Jekolora" {+Inv rElec rN+ Will+ Str+3}
 75221 | Depths:3 | Killed a juggernaut
 75240 | Depths:3 | Identified the ring "Xapsasch" {rF+ Will- Str+7 Int+4}
 75243 | Depths:3 | Identified the ring of Vuafaj {rC+ EV-4}
 75366 | Depths:3 | Identified the ring of Leizella {*Slow rElec rPois rC+
                  | Dex+7} (You found it on level 3 of the Depths)
 75404 | Depths:3 | Found a runed translucent door.
 75632 | Depths:3 | Identified a scroll of acquirement
 75737 | Depths:3 | Acquired the amulet "Pobleargh" {Spirit Will+++ Str+5
                  | Int+3}
 76289 | Depths:3 | Received a gift from Okawaru
 77570 | Depths:4 | Noticed a juggernaut
 77584 | Depths:4 | Killed a juggernaut
 78091 | Depths:4 | Received a gift from Okawaru
 78285 | Depths:4 | Found a corrupted altar of Lugonu.
 78957 | Depths:5 | Entered Level 5 of the Depths
 78960 | Depths:5 | Noticed a juggernaut
 78975 | Depths:5 | Killed a juggernaut
 79090 | Depths:5 | Found a magical portal.
 79097 | WizLab   | Entered Lehudib's Moon Base
 79157 | WizLab   | Found a transporter.
 79174 | WizLab   | Received a gift from Okawaru
 80248 | WizLab   | Gained mutation: Your body sometimes deteriorates upon
                  | taking damage. [a neqoxec]
 80562 | WizLab   | Found a transporter.
 81013 | WizLab   | Identified Lehudib's Volume of Conjuration and Clay
 81046 | WizLab   | Identified the +0 cloak of Limitation {rC+ Regen+ Str+4}
                  | (You found it in a wizard's laboratory)
 81113 | Depths:5 | Found a gate to the Realm of Zot.
 81939 | Depths:5 | Found Foets's Antique Weapon Shoppe.
 81944 | Depths:5 | Found Kaeved's Distillery.
 81952 | Depths:5 | Bought a potion of heal wounds for 120 gold pieces
 81952 | Depths:5 | Bought a potion of heal wounds for 120 gold pieces
 81952 | Depths:5 | Bought a potion of heal wounds for 120 gold pieces
 81952 | Depths:5 | Bought a potion of might for 96 gold pieces
 82008 | Depths:5 | Received a gift from Okawaru
 82012 | Depths:5 | Noticed Margery
 82061 | Depths:5 | Killed Margery
 83584 | Slime:1  | Entered Level 1 of the Pits of Slime
 83751 | Slime:5  | Entered Level 5 of the Pits of Slime
 84291 | Slime:5  | Received a gift from Okawaru
 84306 | Slime:5  | Noticed the Royal Jelly
 84338 | Slime:5  | Killed the Royal Jelly
 84362 | Slime:5  | HP: 10/216 [azure jelly[the Royal Jelly] (22)]
 84907 | Slime:5  | Identified the ring of Arewnoz {Ice Dex+4} (You found it on
                  | level 5 of the Pits of Slime)
 84963 | Slime:5  | Identified the -5 pair of gloves of the Untouchables {Int+4
                  | Dex+3} (You found it on level 5 of the Pits of Slime)
 84983 | Slime:5  | Got a slimy rune of Zot
 85531 | Temple   | Fell from the grace of Okawaru
 85531 | Temple   | Became a worshipper of the Shining One
 85913 | Crypt:1  | Entered Level 1 of the Crypt
 86149 | Crypt:1  | Reached * piety under the Shining One
 86249 | Crypt:1  | Acquired a +2 pair of boots of running
 86792 | Crypt:1  | Reached ** piety under the Shining One
 87369 | Crypt:2  | Reached *** piety under the Shining One
 87819 | Crypt:2  | Reached **** piety under the Shining One
 88230 | Crypt:3  | Entered Level 3 of the Crypt
 88237 | Crypt:3  | Noticed a dread lich
 88258 | Crypt:3  | Killed a dread lich
 88262 | Crypt:3  | Reached ***** piety under the Shining One
 89272 | Crypt:3  | Reached ****** piety under the Shining One
 89394 | Crypt:3  | Found an ancient bone altar of Kikubaaqudgha.
 89439 | Crypt:3  | Identified a +6 triple crossbow of holy wrath (a +4 vorpal
                  | triple crossbow blessed by the Shining One)
 89439 | Crypt:3  | Received a gift from the Shining One
 89447 | Crypt:3  | Noticed a dread lich
 89456 | Crypt:3  | Killed a dread lich
 89545 | Crypt:3  | Got a bound turquoise ring
 89546 | Crypt:3  | Identified the ring "Hoahu" {Will+ Str+6} (You found it on
                  | level 3 of the Crypt)
 89694 | Crypt:3  | Identified the Tome of Unholy Rites
 90861 | Crypt:3  | Found an ancient bone altar of Kikubaaqudgha.
 91103 | Crypt:3  | Found a staircase to the Tomb.
 91899 | Temple   | Fell from the grace of the Shining One
 91899 | Temple   | Became a worshipper of Warmaster Okawaru
 92503 | Hell     | Entered the Vestibule of Hell
 92503 | Hell     | Noticed Geryon
 92525 | Hell     | Killed Geryon
 92776 | Hell     | Found a gateway to the Iron City of Dis.
 92855 | Hell     | Reached skill level 10 in Dodging
 92939 | Hell     | Found a gateway to the freezing wastes of Cocytus.
 93048 | Hell     | Found a gateway to the decaying netherworld of Tartarus.
 93246 | Hell     | Found a gateway to the ashen valley of Gehenna.
 93613 | Geh:1    | Entered Level 1 of Gehenna
 94857 | Geh:1    | Received a gift from Okawaru
 94999 | Geh:1    | You fall into a shaft and drop 1 floor!
 95324 | Geh:2    | Received a gift from Okawaru
 95583 | Geh:2    | Received a gift from Okawaru
 97186 | Geh:2    | Received a gift from Okawaru
 97778 | Geh:2    | Received a gift from Okawaru
 98527 | Geh:2    | Received a gift from Okawaru
 98757 | Geh:2    | Received a gift from Okawaru
 99719 | Geh:3    | Received a gift from Okawaru
101173 | Geh:3    | Received a gift from Okawaru
101174 | Geh:3    | Identified the +0 pair of boots of the Lotus Blossom
                  | {Regen+ Str+3} (Okawaru gifted it to you on level 3 of
                  | Gehenna)
102599 | Geh:4    | Received a gift from Okawaru
102737 | Geh:4    | Received a gift from Okawaru
102922 | Geh:4    | Received a gift from Okawaru
105010 | Geh:5    | Received a gift from Okawaru
105504 | Geh:5    | Received a gift from Okawaru
106544 | Geh:6    | Reached skill level 15 in Invocations
107253 | Geh:6    | Received a gift from Okawaru
108000 | Geh:6    | Received a gift from Okawaru
108696 | Geh:6    | Received a gift from Okawaru
109032 | Geh:6    | Received a gift from Okawaru
109521 | Geh:7    | Entered Level 7 of Gehenna
110563 | Geh:7    | Received a gift from Okawaru
110792 | Geh:7    | Identified the +5 morningstar "Xatycuag" {vorpal, Str+5
                  | Int+2 Dex+2}
111288 | Geh:7    | Found the +7 sceptre of Asmodeus
111288 | Geh:7    | Noticed Asmodeus
111299 | Geh:7    | Received a gift from Okawaru
111331 | Geh:7    | HP: 2/229 [Asmodeus/damnation (48)]
111331 | Geh:7    | Killed from afar by a hellion

Illustrated notes

Levels and vault maps discovered:
D:1:      scummos_arrival_star, layout_basic, kennysheep_small_spiral,
          minmay_3d_cube
D:2:      layout_basic, grunt_temple_overflow_open
D:3:      kennysheep_goblin_castle, layout_loops_corners, grunt_gozag_statues,
          serial_bayou, serial_bayou_crossing, serial_bayou_shore_b,
          serial_bayou_shore_b, serial_bayou_pond_e
D:4:      layout_basic, minmay_temple_entry_tees, uniq_edmund
D:5:      layout_basic, serial_co_window_serial, co_window_paths_a,
          co_window_paths_b, co_window_paths_a, co_window_corner_a,
          co_window_of_opportunity_a, co_window_corner_a, co_window_corner_a,
          co_window_corner_a, co_window_paths_b, co_window_unsneaky_path_a,
          co_window_broadway_c, co_window_paths_c, co_window_corner_b,
          co_window_paths_d, glass_columns_a, enter_ossuary_1
D:6:      lemuel_upstairs_altar, layout_basic, led_sif_pool, uniq_sigmund,
          uniq_menkaure
D:7:      minmay_inner_zag, layout_cave_pools, gammafunk_ghost_arena,
          uniq_pikel, uniq_harold
D:8:      layout_layer_cave, kennysheep_mini, lair_entry_dummy
D:9:      layout_gridville, chequers_temple_overflow_minitemple, enter_bailey_3,
          kennysheep_generic_room_10, uniq_joseph
D:10:     layout_grid_maze, david_orc_3, basic_altar, minmay_checkerbox,
          uniq_erica, uniq_nergalle
D:11:     layout_gridville, basic_altar, kennysheep_generic_room_9
D:12:     layout_loops_ring, special_room [special_room_orc]
D:13:     layout_small_grid, hangedman_vaults_entry_quadrant_bands, minivault_12
D:14:     layout_basic, cheibriados_altar_1, serial_shops, shop_statue,
          minmay_misc_feat_ornament, hangedman_glass_teeth
D:15:     gammafunk_enter_depths_forms, layout_loops_corners, serial_glass,
          glass_columns_a, glass_columns_b, minmay_splitting_lines
Temple:   nicolae_temple_god_jail
Lair:1:   layout_gridlike, gammafunk_ghost_split, serial_bayou_shore_a,
          grunt_megastairs_1
Lair:2:   layout_long_grid, elwin_shoals_entry_rooms, basic_altar, st_stairs_9
Lair:3:   layout_cellular_growth, dummy_snake_entry,
          hellmonk_ghost_happy_afterlife
Lair:4:   layout_cave_pods, minivault_25, infiniplex_staircase_pool
Lair:5:   layout_misc_corridors, slime_altar_1, minmay_lair_drake_nest
Lair:6:   gammafunk_lair_ancient_temple, layout_gridlike
Shoals:1: cheibrodos_shoals_three_sisters, layout_shoals
Shoals:2: nzn_motion_control, layout_shoals, uniq_ilsuiw
Shoals:3: layout_shoals, nicolae_shoals_isolated_beach
Shoals:4: shoals_end_grunt_ice, layout_shoals
Snake:1:  layout_basic, grunt_megastairs_5
Snake:2:  nicolae_snake_hallway, layout_chambers
Snake:3:  layout_cave_town
Snake:4:  snake_pit, layout_basic
Slime:1:  layout_caves
Slime:2:  layout_caves
Slime:3:  layout_caves, basic_altar
Slime:4:  layout_caves, cheibrodos_slime_lost_civilization_4
Slime:5
Orc:1:    gammafunk_beogh_shrine, layout_diamond_mine, basic_altar
Orc:2:    st_orc_mages, layout_caves, serial_shops, bzr_entry_islet
Elf:1:    eino_elf_arrival_shootout, layout_loops_cross, trove_entry_hex_spiral,
          hangedman_corner_corridor, uniq_roxanne
Elf:2:    layout_onion_city, serial_shops, nicolae_shop_trees, st_stairs_4,
          guppyfry_elf_garden, uniq_donald
Elf:3:    minmay_elf_hall_four_x, layout_rooms, ebering_ghost_rock_garden,
          kilobyte_mutagenic_chamber, uniq_bai_suzhen
Vaults:1: v_rooms_1, nicolae_vaults_big_angled_halls, vaults_room_octagon,
          vaults_room_semicircle, nicolae_vaults_what_the_h,
          hangedman_vaults_maws, vaults_door_vault, vaults_dpeg_diagonal,
          nicolae_vaults_specimen_jars, v_misc_23, ontoclasm_vaults_bender,
          nicolae_vaults_diagonal_hallway_9, v_alt_pattern_5,
          grunt_vaults_hallway_short, vaults_dpeg_ring, v_alt_pattern_1,
          layout_vaults_big_cross, basic_altar
Vaults:2: v_pattern_1, hangedman_vaults_corner, v_rooms_2,
          hangedman_vaults_maws, nicolae_vaults_rhombus_5,
          hangedman_vaults_corner_blocks, nicolae_vaults_border_crossing,
          nicolae_vaults_rhombus_6, st_cells, v_misc_25,
          layout_vaults_chaotic_city, uniq_saint_roka
Vaults:3: minmay_crypt_entry_simple_sparse, vaults_room_door_hall,
          vaults_room_pool, vaults_dpeg_hooks, nicolae_vaults_mini_display_case,
          nicolae_vaults_network_periphery, layout_vaults_quadrants,
          uniq_xtahua, uniq_jory
Vaults:4: nicolae_vaults_little_squares_4, v_misc_2,
          nicolae_vaults_twisting_passages,
          vaults_room_grunt_arrival_checkpoint, vaults_room_semicircle,
          grunt_vaults_funnel, nicolae_vaults_diagonal_hallway_8,
          grunt_tower_of_power, nicolae_vaults_little_squares_6,
          nicolae_vaults_angled_halls, ontoclasm_vaults_chip, v_misc_10,
          v_alt_pattern_1, hangedman_vaults_impose,
          nicolae_vaults_little_squares_5, nicolae_vaults_little_squares_6,
          layout_vaults_maze_bifur, uniq_frederick
Vaults:5
Crypt:1:  layout_basic, grunt_crypt_arrival_split
Crypt:2:  layout_chaotic_city
Crypt:3:  church_of_pain_bobbens, layout_chaotic_city,
          nicolae_tomb_entry_grand_gallery, lemuel_mausoleum_altar_kikubaaqudgha
Depths:1: layout_gridlike, enter_ziggurat_f, corexii_hall_statues_x,
          abyss_entry_crystal, grunt_hell_entry_dis_grunt, serial_bayou_pond_c,
          onia_ninara_cookie
Depths:2: gammafunk_dig_for_victory, layout_basic, hell_entry,
          nrook_mini_backslash, glass_columns_a
Depths:3: minmay_the_grid_triangle_9x9_rhombus_thin
          [minmay_the_grid_triangle_9x9_subtriangle,
          minmay_the_grid_triangle_9x9_prize_special,
          minmay_the_grid_triangle_9x9_sprig,
          minmay_the_grid_triangle_9x9_odd_lines], layout_basic, pan_entry,
          hell_entry, amcnicky_mini_pool_small, serial_curves, eino_curves_02,
          eino_curves_01, eino_curves_01, abyss_entry
Depths:4: grunt_arcs, layout_gridlike, hell_entry, pan_entry,
          abyss_entry_flame_altar
Depths:5: grunt_zot_entry_tricorne, layout_small_grid, lightli_too_deep,
          minmay_crystal_water, special_room [special_room_mythical_zoo],
          mu_enter_wizlab_1, grunt_ministairs_6, minmay_shoptagon, uniq_margery
Hell
Geh:1:    layout_gehenna_lava_caves
Geh:2:    layout_gehenna_pools_basic, hangedman_hellfire_club
Geh:3:    layout_gehenna_pools_triple
Geh:4:    layout_gehenna_lava_caves
Geh:5:    layout_gehenna_lava_caves
Geh:6:    layout_gehenna_lava_caves, hangedman_elemental_grid_stream
Geh:7:    evilmike_geh

Skill      XL: |  1  2  3  4  5  6  7  8  9 10 11 12 13 14 15 16 17 18 19 20 21 22 23 24 25 26 27 |
---------------+----------------------------------------------------------------------------------+-----
Shields        | 4 5 6 7 9 10 11 12 13 14 15 16 17 18 24 | 24.0
Fighting       | 4 6 7 8 10 11 16 17 21 | 21.4
Armour         | 4 6 7 8 9 10 11 12 13 14 15 16 21 | 21.0
Long Blades    | 3 4 5 7 9 10 12 13 14 15 16 17 18 19 20 21 22 23 26 | 26.9
Dodging        | 1 2 3 4 5 6 7 8 11 | 11.0
Invocations    | 2 3 4 5 6 7 8 9 10 11 16 | 16.0
Evocations     | 1 3 4 5 6 7 8 9 10 14 | 14.0
Crossbows      | 7 11 12 16 18 19 20 21 23 26 | 26.9

Action                   |  1- 3 |  4- 6 |  7- 9 | 10-12 | 13-15 | 16-18 | 19-21 | 22-24 | 25-27 || total
-------------------------+-------+-------+-------+-------+-------+-------+-------+-------+-------++-------
Melee: Long sword        |    99 |   156 |   441 |   439 |       |       |       |       |       ||  1135
       Great sword       |       |       |       |   418 |  1128 |   856 |   772 |   165 |       ||  3339
       Scimitar          |       |       |       |    16 |    12 |     3 |       |       |       ||    31
       Triple sword      |       |       |       |       |       |       |       |   543 |  5366 ||  5909
 Fire: Hand crossbow     |       |       |       |       |       |   383 |   541 |       |       ||   924
       Arbalest          |       |       |       |       |       |       |    95 |   418 |  1549 ||  2062
       Triple crossbow   |       |       |       |       |       |       |       |       |   651 ||   651
Invok: Heroism           |       |       |     5 |    12 |     7 |     5 |     9 |    10 |    20 ||    68
       Finesse           |       |       |       |     3 |     2 |     4 |     8 |     8 |    13 ||    38
       Divine Shield     |       |       |       |       |       |       |       |       |     6 ||     6
       Brand Weapon With |       |       |       |       |       |       |       |       |     1 ||     1
 Abil: Dig               |       |       |       |     4 |    21 |     8 |     1 |       |    59 ||    93
Evoke: Lightning rod     |       |       |       |       |       |       |     4 |       |       ||     4
       Condenser vane    |       |       |       |       |       |       |     3 |     2 |     1 ||     6
       Box of beasts     |       |       |       |       |       |       |     1 |       |       ||     1
       Phantom mirror    |       |       |       |       |       |       |       |       |     1 ||     1
  Use: Scroll            |     3 |     4 |     8 |    15 |    13 |     5 |     9 |    13 |    19 ||    89
       Potion            |       |       |       |     1 |     2 |       |     9 |     5 |     3 ||    20
 Stab: Paralysed         |       |       |       |       |     1 |       |       |       |       ||     1
       Invisible         |       |       |       |       |       |       |     3 |       |       ||     3
       Confused          |       |       |       |       |       |       |       |    21 |       ||    21
       Distracted        |       |       |       |       |       |       |       |       |     1 ||     1
Armor: Scale mail        |    31 |    43 |       |       |       |       |       |       |       ||    74
       Chain mail        |       |    24 |    22 |       |       |       |       |       |       ||    46
       Ice dragon scales |       |       |    90 |    22 |       |       |       |       |       ||   112
       Plate armour      |       |       |       |   189 |   197 |       |     1 |   128 |       ||   515
       Crystal plate arm |       |       |       |       |    93 |   303 |   461 |       |       ||   857
       Gold dragon scale |       |       |       |       |       |       |       |    78 |  1461 ||  1539
Dodge: Dodged            |    24 |    44 |   186 |   246 |   280 |   159 |   301 |   124 |   841 ||  2205
       Repelled          |       |       |       |       |       |     2 |     9 |     7 |    34 ||    52
Block: Kite shield       |    52 |    73 |   220 |   521 |   557 |   476 |   747 |   389 |  2752 ||  5787
       Reflection        |       |       |       |       |    12 |    61 |    71 |    42 |   139 ||   325
       Rpst.: Long sword |     8 |    14 |    43 |    32 |       |       |       |       |       ||    97
       Great sword       |       |       |       |    30 |    63 |    44 |    41 |     4 |       ||   182
       Scimitar          |       |       |       |       |     1 |       |       |       |       ||     1
       Triple sword      |       |       |       |       |       |       |       |    16 |   121 ||   137

Table legend: (Time is in decaauts)
 A = Elapsed time spent in this place.
 B = Non-inter-level travel time spent in this place.
 C = Inter-level travel time spent in this place.
 D = Time resting spent in this place.
 E = Time spent auto-exploring this place.
 F = Levels seen in this place.
 G = Mean time per level.
                   A        B        C        D        E       F      G
               +--------+--------+--------+--------+--------+-----+--------+
         Total | 107324 |  98851 |   8473 |  11559 |  68297 |  66 | 1626.1 |
       Dungeon |  22925 |  19487 |   3438 |   1295 |  14718 |  15 | 1528.3 |
        Temple |    170 |     81 |     89 |      0 |     57 |   1 |  170.0 |
          Lair |  11647 |  10502 |   1145 |   1065 |   7927 |   6 | 1941.2 |
        Shoals |   6764 |   6289 |    475 |    855 |   4412 |   4 | 1691.0 |
     Snake Pit |   7340 |   7024 |    316 |     34 |   5778 |   4 | 1835.0 |
    Slime Pits |   1559 |   1468 |     91 |      0 |   1169 |   5 |  311.8 |
  Orcish Mines |   2605 |   2342 |    263 |    317 |   1465 |   2 | 1302.5 |
   Elven Halls |   5607 |   5306 |    301 |      3 |   4360 |   3 | 1869.0 |
        Vaults |  13646 |  12634 |   1012 |   1622 |   8828 |   5 | 2729.2 |
         Crypt |   4762 |   4481 |    281 |    391 |   3052 |   3 | 1587.3 |
        Depths |   9595 |   8810 |    785 |    687 |   6187 |   5 | 1919.0 |
          Hell |   1062 |    934 |    128 |      0 |    680 |   1 | 1062.0 |
       Gehenna |  16134 |  15991 |    143 |   5286 |   7363 |   7 | 2304.9 |
         Abyss |    463 |    463 |      0 |      0 |    106 |   1 |  463.0 |
        Bazaar |     33 |     33 |      0 |      0 |     14 |   1 |   33.0 |
       Ossuary |    833 |    833 |      0 |      0 |    564 |   1 |  833.0 |
        Bailey |    360 |    360 |      0 |      0 |    179 |   1 |  360.0 |
        Wizlab |   1812 |   1812 |      0 |      0 |   1434 |   1 | 1812.0 |
               +--------+--------+--------+--------+--------+-----+--------+

Top non-repeatable levels by time:
   Geh:2: 3581 daAuts
Vaults:1: 3418 daAuts
  Lair:6: 3381 daAuts
Vaults:2: 3233 daAuts
   Geh:6: 2768 daAuts
Vaults:5: 2690 daAuts
Vaults:4: 2310 daAuts
   Geh:3: 2278 daAuts
 Snake:2: 2234 daAuts
Depths:4: 2220 daAuts
   Geh:5: 2217 daAuts
Shoals:4: 2216 daAuts
   Geh:4: 2126 daAuts
    D:15: 2079 daAuts
 Crypt:3: 2062 daAuts
